 Dungeon Crawl Stone Soup version 0.18-b1-2-gd0c887e (webtiles) character file.

382 dobroeutro the Cudgeler (level 6, 0/37 HPs)
             Began as a Gargoyle Fighter on Apr 28, 2016.
             Slain by a centaur (5 damage)
             ... in the Ecumenical Temple.
             The game lasted 00:05:01 (3245 turns).

dobroeutro the Cudgeler (Gargoyle Fighter)          Turns: 3245, Time: 00:05:01

Health: 0/37       AC: 13    Str: 21    XL:     6   Next: 76%
Magic:  6/6        EV:  7    Int:  9    God:
Gold:   340        SH:  9    Dex:  9    Spells: 0 memorised, 5 levels left

rFire  . . .     SeeInvis .     a - +0 flail
rCold  . . .     Gourm    +     t - +0 scale mail {rN+}
rNeg   + + .     Faith    .     c - +0 shield
rPois  ∞         Spirit   .     x - +0 helmet
rElec  +         Dismiss  .     (no cloak)
rCorr  .         Reflect  .     (no gloves)
SustAt .         Harm     .     j - +0 pair of boots
MR     .....                    o - amulet of the gourmand
Stlth  ..........               (no ring)
                                w - ring of flight

@: not resistant to hostile enchantments, extremely unstealthy
A: negative energy resistance 1, electricity resistance, unbreathing,
petrification resistance, rot immunity, AC +4
a: Evoke Flight


You were in the Ecumenical Temple.
You were hungry.

You visited 2 branches of the dungeon, and saw 6 of its levels.

You collected 340 gold pieces.

Inventory:

Hand Weapons
 a - a +0 flail (weapon)
Armour
 c - a +0 shield (worn)
 j - a +0 pair of boots (worn)
 t - a +0 scale mail of positive energy (worn)
 x - a +0 helmet (worn)
Jewellery
 o - an amulet of the gourmand (around neck)
 w - a ring of flight (left hand)
 y - an uncursed ring of protection from magic {unknown}
Scrolls
 h - 4 scrolls of teleportation {unknown}
 i - a scroll of enchant weapon {unknown}
 k - a scroll of remove curse {unknown}
 m - a scroll of blinking {unknown}
 n - a scroll of identify {unknown}
 r - a scroll of recharging {unknown}
 s - 3 scrolls of noise {unknown}
 v - a scroll of random uselessness {unknown}
Potions
 b - a potion of heal wounds
 d - 2 potions of might
 e - a potion of magic {unknown}
 l - a potion of ambrosia {unknown}
 q - a potion of lignification {unknown}
 u - a potion of curing {unknown}
Comestibles
 f - 6 bread rations
 g - 5 meat rations
 p - 2 beef jerkies


   Skills:
 - Level 3.2 Fighting
 + Level 7.0 Maces & Flails
 - Level 3.2 Armour
 - Level 3.2 Shields


You had 5 spell levels left.
You didn't know any spells.

Dungeon Overview and Level Annotations

Branches:
Dungeon (5/15)             Temple (1/1) D:5

Altars:
Ashenzari
Dithmenos
Elyvilon
Makhleb
Nemelex Xobeh
Okawaru
Pakellas
Qazlal
Ru
Sif Muna
Trog
Vehumet
Xom
Yredelemnul
Zin
The Shining One


Innate Abilities, Weirdness & Mutations

You are resistant to torment.
Your stone body is resilient (AC +4).
You are immune to poison.
You resist negative energy.
You are resistant to electric shocks.
You can survive without breathing.
You are immune to petrification.
You are immune to rotting.


Message History

The centaur is lightly wounded.
The centaur closely misses you. You block the centaur's attack.
You sock the centaur!
The centaur is heavily wounded.
The centaur hits you but does no damage.
You barely miss the centaur.
The centaur is heavily wounded.
The centaur hits you but does no damage.
The centaur closely misses you.
You hit the centaur but do no damage.
The centaur is heavily wounded.
You block the centaur's attack. The centaur hits you.
* * * LOW HITPOINT WARNING * * *
You closely miss the centaur.
The centaur is heavily wounded.
You block the centaur's attack.
Your shield and scale mail prevent you from hitting the centaur.
The centaur is heavily wounded.
The centaur hits you.
You die...

#########
##._._._.##
##_......._##
##...≈≈.≈≈...##
#⌠..≈≈...≈≈..⌠#
#..≈≈≈...≈≈≈..#
#_.≈.......≈._#
#......@......#
#_.≈..c....≈._#
#..≈≈≈...≈≈≈..#
#_..≈≈...≈≈.._#
##...≈≈.≈≈...##
##_......._##
##._.⌠._.##
#########


You could see a centaur.

Vanquished Creatures
  2 ogres
  A crimson imp (D:5)
  Terence (D:3)
  Natasha (D:1)
  6 adders
  A shadow imp (D:5)
  An ooze (D:2)
  A worm (D:4)
  2 dart slugs
  A giant gecko (D:4)
  An orc (D:4)
  3 ball pythons
  3 giant cockroaches
  8 hobgoblins
  8 jackals
  4 kobolds
  A quokka (D:4)
  6 bats
  3 giant newts
  5 goblins
  3 rats
  A fungus (D:2)
63 creatures vanquished.

Notes
Turn   | Place    | Note
--------------------------------------------------------------
     0 | D:1      | dobroeutro the Gargoyle Fighter began the quest for the Orb.
     0 | D:1      | Reached XP level 1. HP: 14/14 MP: 1/1
   227 | D:1      | Reached XP level 2. HP: 18/19 MP: 2/2
   423 | D:1      | Reached skill level 3 in Maces & Flails
   698 | D:1      | Reached XP level 3. HP: 23/23 MP: 3/3
   838 | D:2      | Noticed Natasha
   853 | D:1      | Killed Natasha
   853 | D:1      | Reached skill level 4 in Maces & Flails
  1149 | D:2      | Reached XP level 4. HP: 28/28 MP: 4/4
  1311 | D:2      | Found a sparkling altar of Nemelex Xobeh.
  1831 | D:3      | Found an oddly glowing altar of Pakellas.
  1999 | D:3      | Reached skill level 5 in Maces & Flails
  1999 | D:3      | Reached XP level 5. HP: 28/32 MP: 5/5
  2115 | D:3      | Noticed Terence
  2123 | D:3      | Killed Terence
  2682 | D:4      | Noticed an ogre
  2693 | D:4      | Killed an ogre
  2693 | D:4      | Reached skill level 6 in Maces & Flails
  2693 | D:4      | Reached XP level 6. HP: 32/37 MP: 6/6
  2976 | D:5      | Entered Level 5 of the Dungeon
  3167 | D:5      | Reached skill level 7 in Maces & Flails
  3194 | D:5      | Found a staircase to the Ecumenical Temple.
  3239 | Temple   | Entered the Ecumenical Temple
  3245 | Temple   | Slain by a centaur

Skill      XL: |  1  2  3  4  5  6 |
---------------+-------------------+-----
Maces & Flails | 3 4 5 6 7 |  7.0
Fighting       | |  3.2
Armour         | |  3.2
Shields        | |  3.2

Action                   |  1- 3 |  4- 6 || total
-------------------------+-------+-------++-------
Melee: Flail             |   100 |   173 ||   273
  Use: Potion            |     1 |       ||     1
  Eat: Chunk             |       |     9 ||     9
Armor: Scale mail        |    72 |    86 ||   158
Dodge: Dodged            |    34 |    43 ||    77
Block: Shield            |    53 |    62 ||   115
